MID
CEDAR RAPIDS KERNELS @ LANSING LUGNUTS
06/26/2048
 
TOP OF THE 1ST
Cedar Rapids Kernels batting - Pitching for Lansing Lugnuts : RHP Ben Knapp
Pitching: RHP Ben Knapp
Batting: RHB David McDonald 0-0: Ball
1-0: Called Strike
1-1: Called Strike
1-2: Ball
2-2: Strikes out looking
Batting: RHB Kevin Harris 0-0: Called Strike
0-1: Swinging Strike
0-2: Ball
1-2: Strikes out swinging
Batting: LHB Kuemon Shishido 0-0: Ball
1-0: Foul Ball, location: 2F
1-1: Ball
2-1: SINGLE (Line Drive, 56D, EV 101.2 MPH)
Batting: LHB Shaun Price 0-0: Called Strike
0-1: Ball
1-1: Ball
2-1: Fly out, F7 (Flyball, 7D, EV 91.9 MPH)
Top of the 1st over - 0 runs, 1 hit, 0 errors, 1 left on base; Cedar Rapids 0 - Lansing 0
BOTTOM OF THE 1ST
Lansing Lugnuts batting - Pitching for Cedar Rapids Kernels : RHP Felix Perez
Pitching: RHP Felix Perez
Batting: RHB Scott Travis 0-0: Ground out 3-1 (Groundball, 34, EV 85.0 MPH)
Batting: LHB Roger Escareno 0-0: Ball
1-0: Called Strike
1-1: Ground out 6-3 (Groundball, 6D, EV 85.0 MPH)
Batting: RHB John Michener 0-0: SINGLE (Line Drive, 4D, EV 94.4 MPH)
Batting: SHB Gregg Whitecotton 0-0: Ball
1-0: Ball
2-0: Ball
3-0: Called Strike
3-1: Foul Ball, location: 2F
3-2: SINGLE (Groundball, 13, EV 85.0 MPH) (infield hit)
John Michener to second
Batting: RHB John Hering 0-0: Ball
1-0: Ball
2-0: Called Strike
2-1: Fly out, F7 (Flyball, 7LM, EV 95.6 MPH)
Bottom of the 1st over - 0 runs, 2 hits, 0 errors, 2 left on base; Cedar Rapids 0 - Lansing 0
TOP OF THE 2ND
Cedar Rapids Kernels batting - Pitching for Lansing Lugnuts : RHP Ben Knapp
Batting: LHB Brian Wagner 0-0: Called Strike
0-1: Foul Ball, location: 2F
0-2: Foul Ball, location: 2F
0-2: Foul Ball, location: 2F
0-2: Foul Ball, location: 2F
0-2: Ball
1-2: Fly out, F8 (Flyball, 8LXD, EV 104.4 MPH)
Batting: LHB Marvin Shepherd 0-0: Called Strike
0-1: Ground out 5-3 (Groundball, 5L, EV 86.2 MPH)
Batting: RHB Chris Bejarano 0-0: Ball
1-0: Called Strike
1-1: Called Strike
1-2: Ball
2-2: Ball
3-2: Strikes out looking
Top of the 2nd over - 0 runs, 0 hits, 0 errors, 0 left on base; Cedar Rapids 0 - Lansing 0
BOTTOM OF THE 2ND
Lansing Lugnuts batting - Pitching for Cedar Rapids Kernels : RHP Felix Perez
Batting: RHB Jose Ontiveros 0-0: Foul Ball, location: 2F
0-1: Swinging Strike
0-2: Ball
1-2: Reached on error, E6 (Groundball, 6, EV 85.6 MPH)
Batting: RHB Tristan Dennis 0-0: Ball
Jose Ontiveros steals 2nd base
1-0: Fly out, F8 (Flyball, 78M, EV 95.6 MPH)
Batting: RHB Shunsuke Shiba Inu 0-0: SINGLE (Groundball, 4MD, EV 93.8 MPH)
Jose Ontiveros to third
Runner from 3rd tries for Home, SAFE, throw by CF to home
Batting: LHB Julio Canseco 0-0: Called Strike
0-1: Foul Ball, location: 2F
0-2: Foul Ball, location: 2F
0-2: Strikes out looking
Batting: RHB Scott Travis 0-0: Called Strike
0-1: Ball
1-1: Swinging Strike
1-2: Ball
2-2: SINGLE (Flyball, 89S, EV 90.0 MPH)
Shunsuke Shiba Inu to second
Runner from 2nd tries for 3rd, OUT! 8-5
Bottom of the 2nd over - 1 run, 2 hits, 1 error, 1 left on base; Cedar Rapids 0 - Lansing 1
TOP OF THE 3RD
Cedar Rapids Kernels batting - Pitching for Lansing Lugnuts : RHP Ben Knapp
Batting: LHB Hector Olvera 0-0: Foul Ball, location: 2F
0-1: Ball
1-1: Foul Ball, location: 2F
1-2: Strikes out swinging
Batting: RHB Antonio Santos 0-0: Ball
1-0: Called Strike
1-1: Ball
2-1: Fly out, F3 (Popup, 3SF, EV 68.1 MPH)
Batting: RHB David McDonald 0-0: Foul Ball, location: 2F
0-1: Swinging Strike
0-2: Ball
1-2: Foul Ball, location: 2F
1-2: Strikes out swinging
Top of the 3rd over - 0 runs, 0 hits, 0 errors, 0 left on base; Cedar Rapids 0 - Lansing 1
BOTTOM OF THE 3RD
Lansing Lugnuts batting - Pitching for Cedar Rapids Kernels : RHP Felix Perez
Batting: LHB Roger Escareno 0-0: Called Strike
0-1: Foul Ball, location: 2F
0-2: Foul Ball, location: 2F
0-2: Ball
1-2: Strikes out swinging
Batting: RHB John Michener 0-0: Foul Ball, location: 2F
0-1: SINGLE (Groundball, 6MD, EV 93.8 MPH)
Batting: SHB Gregg Whitecotton 0-0: Ball
1-0: Called Strike
1-1: Fielders Choice at 2nd, 1-6 (Groundball, 34S, EV 68.8 MPH)
Batting: RHB John Hering 0-0: Ball
1-0: Called Strike
1-1: Ball
2-1: Called Strike
Gregg Whitecotton is caught stealing 2nd base 2-4
Bottom of the 3rd over - 0 runs, 1 hit, 0 errors, 0 left on base; Cedar Rapids 0 - Lansing 1
TOP OF THE 4TH
Cedar Rapids Kernels batting - Pitching for Lansing Lugnuts : RHP Ben Knapp
Batting: RHB Kevin Harris 0-0: Called Strike
0-1: Ball
1-1: Ball
2-1: Called Strike
2-2: Ball
3-2: Ground out 5-3 (Groundball, 5L, EV 89.4 MPH)
Batting: LHB Kuemon Shishido 0-0: Ball
1-0: Ball
2-0: Ground out 6-3 (Groundball, 4MD, EV 81.2 MPH)
Batting: LHB Shaun Price 0-0: Called Strike
0-1: Called Strike
0-2: Ball
1-2: Strikes out swinging, 2-3 out at first.
Top of the 4th over - 0 runs, 0 hits, 0 errors, 0 left on base; Cedar Rapids 0 - Lansing 1
BOTTOM OF THE 4TH
Lansing Lugnuts batting - Pitching for Cedar Rapids Kernels : RHP Felix Perez
Batting: RHB John Hering 0-0: Ground out U3 (Groundball, 3, EV 86.9 MPH)
Batting: RHB Jose Ontiveros 0-0: Called Strike
0-1: Ball
1-1: Foul Ball, location: 2F
1-2: Ball
2-2: Foul Ball, location: 2F
2-2: Ground out 5-3 (Groundball, 56, EV 100.0 MPH)
Batting: RHB Tristan Dennis 0-0: Foul Ball, location: 2F
0-1: Ball
1-1: Ball
2-1: Fly out, F8 (Line Drive, 8RD, EV 101.2 MPH)
Bottom of the 4th over - 0 runs, 0 hits, 0 errors, 0 left on base; Cedar Rapids 0 - Lansing 1
TOP OF THE 5TH
Cedar Rapids Kernels batting - Pitching for Lansing Lugnuts : RHP Ben Knapp
Batting: LHB Brian Wagner 0-0: Foul Ball, location: 2F
0-1: Foul Ball, location: 2F
0-2: Foul Ball, location: 2F
0-2: Strikes out swinging
Batting: LHB Marvin Shepherd 0-0: Ball
1-0: Ball
2-0: Ball
3-0: Called Strike
3-1: Ground out 6-3 (Groundball, 6, EV 89.4 MPH)
Batting: RHB Chris Bejarano 0-0: Ball
1-0: Foul Ball, location: 2F
1-1: Foul Ball, location: 2F
1-2: Strikes out swinging
Top of the 5th over - 0 runs, 0 hits, 0 errors, 0 left on base; Cedar Rapids 0 - Lansing 1
BOTTOM OF THE 5TH
Lansing Lugnuts batting - Pitching for Cedar Rapids Kernels : RHP Felix Perez
Batting: RHB Shunsuke Shiba Inu 0-0: Ball
1-0: Foul Ball, location: 2F
1-1: Ground out 6-3 (Groundball, 6, EV 82.5 MPH)
Batting: LHB Julio Canseco 0-0: Called Strike
0-1: Ball
1-1: Swinging Strike
1-2: Strikes out looking
Batting: RHB Scott Travis 0-0: Called Strike
0-1: SINGLE (Groundball, 4MD, EV 110.0 MPH)
Batting: LHB Roger Escareno 0-0: Called Strike
0-1: Reached on error, E5 (Groundball, 5, EV 106.9 MPH)
Scott Travis to second
Batting: RHB John Michener 0-0: Fly out, F8 (Line Drive, 78M, EV 85.6 MPH)
Bottom of the 5th over - 0 runs, 1 hit, 1 error, 2 left on base; Cedar Rapids 0 - Lansing 1
TOP OF THE 6TH
Cedar Rapids Kernels batting - Pitching for Lansing Lugnuts : RHP Ben Knapp
Batting: LHB Hector Olvera 0-0: Ball
1-0: Foul Ball, location: 2F
1-1: Ground out U3 (Groundball, 34S, EV 86.2 MPH)
Batting: RHB Antonio Santos 0-0: Ball
1-0: Foul Ball, location: 2F
1-1: Ball
2-1: Ball
3-1: Ground out 4-3 (Groundball, 4, EV 78.8 MPH)
Batting: RHB David McDonald 0-0: Called Strike
0-1: Called Strike
0-2: Strikes out swinging
Top of the 6th over - 0 runs, 0 hits, 0 errors, 0 left on base; Cedar Rapids 0 - Lansing 1
BOTTOM OF THE 6TH
Lansing Lugnuts batting - Pitching for Cedar Rapids Kernels : RHP Felix Perez
Batting: SHB Gregg Whitecotton 0-0: Ball
1-0: Ground out 6-3 (Groundball, 6, EV 94.4 MPH)
Batting: RHB John Hering 0-0: Called Strike
0-1: Called Strike
0-2: Foul Ball, location: 2F
0-2: Foul Ball, location: 2F
0-2: Strikes out swinging, 2-3 out at first.
Batting: RHB Jose Ontiveros 0-0: Foul Ball, location: 2F
0-1: Called Strike
0-2: Ball
1-2: SINGLE (Groundball, 6MD, EV 105.0 MPH)
Batting: RHB Tristan Dennis 0-0: Fly out, F4 (Popup, 3D, EV 53.1 MPH)
Bottom of the 6th over - 0 runs, 1 hit, 0 errors, 1 left on base; Cedar Rapids 0 - Lansing 1
TOP OF THE 7TH
Cedar Rapids Kernels batting - Pitching for Lansing Lugnuts : RHP Ben Knapp
Batting: RHB Kevin Harris 0-0: DOUBLE (Line Drive, 7LS, EV 104.4 MPH)
Batting: LHB Kuemon Shishido 0-0: Called Strike
0-1: Ball
1-1: DOUBLE (Flyball, 8RXD, EV 102.5 MPH)
Kevin Harris scores
Batting: LHB Shaun Price 0-0: Ball
1-0: Called Strike
1-1: Ball
2-1: DOUBLE (Line Drive, 78D, EV 103.8 MPH)
Kuemon Shishido scores
Batting: LHB Brian Wagner 0-0: Foul Ball, location: 2F
0-1: Ball
1-1: Foul Ball, location: 2F
1-2: Ground out 6-3 (Groundball, 6, EV 108.8 MPH)
Batting: LHB Marvin Shepherd 0-0: Ground out 4-3 (Groundball, 4, EV 99.4 MPH)
Shaun Price to third
Batting: RHB Chris Bejarano 0-0: Called Strike
0-1: Ground out 5-3 (Groundball, 56S, EV 94.4 MPH)
Top of the 7th over - 2 runs, 3 hits, 0 errors, 1 left on base; Cedar Rapids 2 - Lansing 1
BOTTOM OF THE 7TH
Lansing Lugnuts batting - Pitching for Cedar Rapids Kernels : RHP Felix Perez
Pinch Hitting: RHB Raul de la Cruz 0-0: Ball
1-0: Called Strike
1-1: Ball
2-1: Swinging Strike
2-2: Fly out, F9 (Flyball, 89M, EV 86.9 MPH)
Pitching: LHP Josh Armstrong
Pinch Hitting: RHB Jamie Ogilvie 0-0: Ball
1-0: Called Strike
1-1: Called Strike
1-2: Strikes out looking
Batting: RHB Scott Travis 0-0: Foul Ball, location: 2F
0-1: Ball
1-1: Foul Ball, location: 2F
1-2: TRIPLE (Flyball, 78XD, EV 98.8 MPH)
Pinch Hitting: RHB Dylan Phillips 0-0: Called Strike
0-1: Ball
1-1: Foul Ball, location: 2F
1-2: Foul Ball, location: 2F
1-2: Foul Ball, location: 2F
1-2: SINGLE (Groundball, 34D, EV 93.8 MPH)
Scott Travis scores
Batting: RHB John Michener 0-0: Ball
1-0: Ball
2-0: Foul Ball, location: 2F
2-1: Ball
3-1: Fly out, F8 (Flyball, 89D, EV 102.5 MPH)
Bottom of the 7th over - 1 run, 2 hits, 0 errors, 1 left on base; Cedar Rapids 2 - Lansing 2
TOP OF THE 8TH
Cedar Rapids Kernels batting - Pitching for Lansing Lugnuts : RHP Ben Knapp
Now at 2B: Dylan Phillips
Now at 3B: Gregg Whitecotton
Now at SS: Jamie Ogilvie
Now in RF: Timo Gomez
Batting: LHB Hector Olvera 0-0: Ground out U3 (Groundball, 34S, EV 88.8 MPH)
Pitching: RHP Bill Couch
Pinch Hitting: RHB Steve Raine 0-0: Called Strike
0-1: Ball
1-1: Foul Ball, location: 2F
1-2: Ball
2-2: Strikes out swinging
Batting: RHB David McDonald 0-0: Ball
1-0: Ball
2-0: Called Strike
2-1: Foul Ball, location: 2F
2-2: Strikes out swinging
Top of the 8th over - 0 runs, 0 hits, 0 errors, 0 left on base; Cedar Rapids 2 - Lansing 2
BOTTOM OF THE 8TH
Lansing Lugnuts batting - Pitching for Cedar Rapids Kernels : LHP Josh Armstrong
Now at 3B: Steve Raine
Batting: SHB Gregg Whitecotton 0-0: Ball
1-0: Ball
2-0: Ball
3-0: Base on Balls
Batting: RHB John Hering 0-0: Called Strike
0-1: Ground out 4-3 (Groundball, 4MS, EV 72.5 MPH)
Gregg Whitecotton to second
Batting: RHB Jose Ontiveros 0-0: Foul Ball, location: 2F
0-1: Ball
1-1: Foul Ball, location: 2F
1-2: Ball
2-2: Ball
3-2: Ground out 6-3 (Groundball, 6, EV 81.9 MPH)
Gregg Whitecotton to third
Batting: RHB Tristan Dennis 0-0: Reached on error, E6 (Groundball, 6M, EV 99.4 MPH)
Gregg Whitecotton scores
Batting: LHB Timo Gomez 0-0: Foul Ball, location: 2F
0-1: Ground out U3 (Groundball, 3L, EV 80.0 MPH)
Bottom of the 8th over - 1 run, 0 hits, 1 error, 1 left on base; Cedar Rapids 2 - Lansing 3
TOP OF THE 9TH
Cedar Rapids Kernels batting - Pitching for Lansing Lugnuts : RHP Bill Couch
Pitching: LHP Nick Burnstein
Now in LF: Timo Gomez
Now in RF: Frank Nelson
Batting: RHB Kevin Harris 0-0: Called Strike
0-1: Swinging Strike
0-2: Ball
1-2: Foul Ball, location: 2F
1-2: Strikes out swinging
Batting: LHB Kuemon Shishido 0-0: Called Strike
0-1: Swinging Strike
0-2: Strikes out swinging
Batting: LHB Shaun Price 0-0: Called Strike
0-1: Ball
1-1: Swinging Strike
1-2: Strikes out swinging
Top of the 9th over - 0 runs, 0 hits, 0 errors, 0 left on base; Cedar Rapids 2 - Lansing 3
Tuesday, March 28th , 2023 - OOTP Baseball 23.10 Build 110